 Dungeon Crawl Stone Soup version 0.29-a0-364-g921d912 (webtiles) character file.

Game seed: 14897543982131977351

60 lyrin the Chiller (level 3, -7/24 HPs)
             Began as a Mummy Ice Elementalist on Apr 30, 2022.
             Killed from afar by Sigmund (10 damage)
             ... with a magic dart
             ... on level 2 of the Dungeon.
             The game lasted 00:04:47 (2327 turns).

lyrin the Chiller (Mummy Ice Elementalist)          Turns: 2327, Time: 00:04:47

Health: -7/24      AC:  2    Str: 11    XL:     3   Next: 82%
Magic:  7/8        EV: 12    Int: 16    God:
Gold:   61         SH:  0    Dex: 16    Spells: 5/9 levels left

rFire   + . .      SeeInvis .   f - +11 great sword of Dismay {vorpal, rPois rF+ Dex+4}
rCold   + . .      Faith    .   (shield currently unavailable)
rNeg    + + +      Spirit   .   a - +0 robe
rPois   ∞          Reflect  .   (no helmet)
rElec   .          Harm     .   (no cloak)
rCorr   .          Rampage  .   (no gloves)
Will    .....                   (no boots)
Stlth   ++........              (no amulet)
HPRegen 0.08/turn               g - ring of protection from fire
MPRegen 0.11/turn               (no ring)

@: no status effects
A: cold resistance 1, negative energy resistance 3, torment resistance 2, heat
vulnerability 1, in touch with death 1, no potions
a: no special abilities


You were on level 2 of the Dungeon.
You visited 1 branch of the dungeon, and saw 3 of its levels.

You collected 61 gold pieces.

Inventory:

Hand Weapons
 f - the +11 great sword of Dismay (weapon) {vorpal, rPois rF+ Dex+4}
   (You acquired it on level 2 of the Dungeon)

   It inflicts extra damage upon your enemies.
   Dex:       It affects your dexterity (+4).
   rF:        It protects you from fire.
   rPois:     It protects you from poison.
Armour
 a - a +0 robe (worn)
Jewellery
 g - a ring of protection from fire (left hand)
Scrolls
 b - a scroll of identify
 c - a scroll of amnesia
 d - a scroll of enchant weapon
 h - a scroll of teleportation
 i - a scroll of immolation {unknown}


   Skills:
 + Level 0.2 Long Blades
 + Level 1.7 Dodging
 - Level 1.5 Stealth
 + Level 3.7 Spellcasting
 + Level 4.0 Ice Magic


You had 5 spell levels left.
You knew the following spells:

 Your Spells              Type           Power      Damage    Failure   Level
a - Freeze                Ice            60%        1d8       3%          1
b - Frozen Ramparts       Ice            30%        1d5       10%         3

Your spell library contained the following spells:

 Spells                   Type           Power      Damage    Failure   Level
 Ozocubu's Armour         Ice            15%        N/A       10%         3
 Static Discharge         Conj/Air       2%         N/A       26%         2
 Hailstorm                Conj/Ice       9%         3d4       58%         4
 Lightning Bolt           Conj/Air       1%         1d12      99%         5
 Maxwell's Capacitive Co  Air            1%         ∞         100%        8


Dungeon Overview and Level Annotations

Branches:
Dungeon (3/15)

Altars:

Annotations:
D:2 Sigmund


Innate Abilities, Weirdness & Mutations

You are immune to poison.
Your flesh is cold resistant. (rC+)
You are immune to negative energy. (rN+++)
You are immune to unholy pain and torment.
You are vulnerable to heat. (rF-)
You are in touch with the powers of death.
You do not drink.


Message History

Casting: Freeze (safe; 3% risk of failure)
Confirm with . or Enter, or press ? or * to list all spells.
Okay, then.
Casting: Freeze (safe; 3% risk of failure)
Confirm with . or Enter, or press ? or * to list all spells.
The spell is quite dangerous to miscast (10% risk of failure)!
Continue anyway?
Casting: Frozen Ramparts (quite dangerous; 10% risk of failure)
Press: ? - help, Dir - look around, f - activate The walls around you are covered in ice.
The wall freezes Sigmund.
You aren't carrying any items that you can evoke.
Unknown command.
The wall freezes Sigmund.
Sigmund points at you and mumbles some strange words.
The magic dart hits you!
The wall freezes Sigmund.
Sigmund casts a spell at you. The puff of flame hits you! You resist.
The wall freezes Sigmund.
Sigmund closely misses you.
The wall freezes Sigmund.
Sigmund drinks a potion.
Sigmund is healed!
You aren't carrying any items that you can evoke.
Unknown command.
You can't drink.
Unknown command.
Okay, then.
Your frozen ramparts will break if you move.
Continue?
The frozen ramparts melt away as you move.
Sigmund says, "You will soon forget everything."
Sigmund casts a spell at you. The magic dart hits you!
* * * LOW HITPOINT WARNING * * *
You can't drink.
Unknown command.
Things that are here:
a +0 whip; a rat corpse Sigmund casts a spell at you.
The puff of flame misses you. Sigmund casts a spell at you.
The magic dart hits you!
You die...

......#.........#
##......#.#####.#
####.###.# #!# #.#
#.#####.##########
####.###.##.............#
.........##.####.######.#
#............##.#.# #.#
....#.########..### #.#
.. #.# #.(@#### #.# .
####...## #.# ##....# #.#
#.....# #.# #.).†.# #.#
##.@#####.# ##.#..†..#
#...##### ### ##..######


You could see Sigmund.

Vanquished Creatures
  4 dart slugs
  A worm (D:3)
  3 endoplasms (D:1)
  4 giant cockroaches
  2 goblins
  3 hobgoblins (D:1)
  3 jackals (D:1)
  2 quokkas
  5 ball pythons
  2 bats (D:1)
  A frilled lizard (D:1)
  2 kobolds
  20 rats
52 creatures vanquished.

Notes
Turn   | Place    | Note
-------+----------+-------------------------------------------
     0 | D:1      | lyrin the Mummy Ice Elementalist began the quest for the
                  | Orb.
     0 | D:1      | Reached XP level 1. HP: 13/13 MP: 4/4
   241 | D:1      | Found a faded altar of an unknown god.
   402 | D:1      | Reached XP level 2. HP: 14/19 MP: 2/5
  1405 | D:1      | Gained mutation: You are in touch with the powers of death.
                  | [Mummy growth]
  1405 | D:1      | Reached XP level 3. HP: 22/24 MP: 3/7
  1473 | D:1      | Learned a level 3 spell: Frozen Ramparts
  1780 | D:2      | Reached skill level 4 in Ice Magic
  1878 | D:2      | You fall into a shaft and drop 1 floor!
  2010 | D:2      | Identified a scroll of acquirement
  2012 | D:2      | Acquired the +11 great sword of Dismay {vorpal, rPois rF+
                  | Dex+4}
  2297 | D:2      | Noticed Sigmund
  2327 | D:2      | Killed from afar by Sigmund

Illustrated notes

Levels and vault maps discovered:
D:1:      beargit_arrival_greenhouse, layout_basic,
          hellmonk_ecumenical_altar_zigzags, minivault_5
D:2:      layout_loops_ring, serial_glass, glass_columns_a, glass_columns_c,
          due_unseen_surprise, minmay_rat_hole, uniq_sigmund
D:3:      layout_loops_ring, uniq_jessica, uniq_crazy_yiuf_cottage

Skill      XL: |  1  2  3 |
---------------+----------+-----
Spellcasting   | 3 |  3.7
Ice Magic      | 4 |  4.0
Long Blades    | |  0.2
Dodging        | |  1.7
Stealth        | |  1.5

Action                   || total
-------------------------++-------
Melee: Mace              ||     5
       Great sword       ||    27
       Punch             ||     1
 Cast: Freeze            ||    53
       Frozen Ramparts   ||     1
  Use: Scroll            ||     5
Armor: Robe              ||    11
Dodge: Dodged            ||    63

Table legend: (Time is in decaauts)
 A = Elapsed time spent in this place.
 B = Non-inter-level travel time spent in this place.
 C = Inter-level travel time spent in this place.
 D = Time resting spent in this place.
 E = Time spent auto-exploring this place.
 F = Levels seen in this place.
 G = Mean time per level.
                   A        B        C        D        E       F      G
               +--------+--------+--------+--------+--------+-----+--------+
         Total |   2346 |   2315 |     31 |    168 |   1761 |   3 |  782.0 |
       Dungeon |   2346 |   2315 |     31 |    168 |   1761 |   3 |  782.0 |
               +--------+--------+--------+--------+--------+-----+--------+

Top non-repeatable levels by time:
     D:1: 1746 daAuts
     D:2: 470 daAuts
     D:3: 129 daAuts
